 Dungeon Crawl Stone Soup version 0.21.1-1-g345015fe64 (webtiles) character file.

264 Kohma the Ruffian (level 5, -4/54 HPs)
             Began as a Troll Monk on June 19, 2018.
             Was a Priest of Makhleb.
             Slain by Grinder (8 damage)
             ... while paralysed by Grinder
             ... on level 3 of the Dungeon.
             The game lasted 00:07:31 (2118 turns).

Kohma the Ruffian (Troll Monk)                      Turns: 2118, Time: 00:07:32

Health: -4/54      AC:  5    Str: 19    XL:     5   Next: 98%
Magic:  4/4        EV:  1    Int:  6    God:    Makhleb [***...]
Gold:   219        SH:  0    Dex: 13    Spells: 4/4 levels left

rFire    . . .     SeeInvis .     - Unarmed
rCold    + . .     Gourm    +   (no shield)
rNeg     . . .     Faith    .   p - +0 robe {rC+}
rPois    .         Spirit   .   (helmet restricted)
rElec    .         Reflect  .   (no cloak)
rCorr    .         Harm     .   (gloves unavailable)
MR       .....                  (boots unavailable)
Stlth    ++........             (no amulet)
HPRegen  0.58/turn              (no ring)
MPRegen  0.09/turn              (no ring)

@: paralysed
A: large, unfitting armour, claws 3, fast metabolism 3, gourmand, regeneration
1, shaggy fur 1, tough skin 2
a: Minor Destruction, Lesser Servant of Makhleb, Renounce Religion


You were on level 3 of the Dungeon.
You worshipped Makhleb.
Makhleb was most pleased with you.
You were completely stuffed.

You visited 1 branch of the dungeon, and saw 3 of its levels.
You also visited: Sewer.

You collected 219 gold pieces.

Inventory:

Missiles
 j - 4 tomahawks (quivered)
Armour
 a - a +0 robe
 p - a +0 robe of cold resistance (worn)
Jewellery
 f - an uncursed amulet of harm {unknown}
 l - an uncursed amulet of the gourmand {unknown}
Scrolls
 g - 4 scrolls of teleportation
 k - a scroll of immolation
Potions
 d - 5 potions of flight
 e - 2 potions of curing
 m - a potion of lignification {unknown}
Books
 r - a book of Enchantments

   Spells                             Type                      Level
   a - Cause Fear                     Hexes                        4
   b - Yara's Violent Unravelling     Hexes/Transmutation          5
   c - Silence                        Hexes/Air                    5
   d - Deflect Missiles               Charms/Air                   6
   e - Discord                        Hexes                        8
Comestibles
 b - 3 rations


   Skills:
 * Level 4.0 Fighting
 + Level 3.2 Dodging
 - Level 1.0 Stealth
 * Level 4.8 Unarmed Combat


You had 4 spell levels left.
You didn't know any spells.

Dungeon Overview and Level Annotations

Branches:
Dungeon (3/15)

Altars:
Makhleb

Annotations:
D:3 Grinder


Innate Abilities, Weirdness & Mutations

You are too large for most types of armour.
You have claws for hands.
Your metabolism is lightning-fast.
You like to eat raw meat.
Your natural rate of healing is unusually fast.
You are covered in fur. (AC +1)
You have very tough skin. (AC +2)


Message History

Grinder is heavily wounded.
Grinder gestures at you.
You suddenly lose the ability to move!
The rat bites you but does no damage.
Grinder says, "I used to sell toenails on the black market."
Grinder gestures at you. Pain shoots through your body!
The rat bites you but does no damage. Grinder hits you.
You writhe in agony.
* * * LOW HITPOINT WARNING * * *
The rat bites you.
* * * LOW HITPOINT WARNING * * *
All of the chunks of flesh in your inventory have rotted away.
The rat bites you but does no damage. Grinder hits you.
* * * LOW HITPOINT WARNING * * *
You writhe in agony.
* * * LOW HITPOINT WARNING * * *
The rat bites you but does no damage. The rat bites you.
* * * LOW HITPOINT WARNING * * *
Grinder hits you!
You die...

...# #.#.# #. # #..># #.
.# ..### #.######.##. ####
.. ###........... ...g ...
............. .gg.
##..........# ..##
#..r5r......# ....##
.#####.#.@.......###...g..
.................#........
####...######..<..###....
#........#####........
#.............#.)##.....
###.######.##...........
#. #.###.####.#... ..
#....(### # ##
.########.......######


You could see Grinder and 2 rats.

Vanquished Creatures
  Terence (D:2)
  A merfolk avatar (Sewer)
  A merfolk siren (Sewer)
  8 adders
  2 river rats
  2 worms (D:3)
  3 dart slugs (D:1)
  3 leopard geckos
  4 orcs
  3 ball pythons
  4 giant cockroaches
  13 goblins
  4 hobgoblins (D:1)
  3 jackals (D:2)
  4 bats
  5 frilled lizards
  6 kobolds
  31 rats
98 creatures vanquished.

Notes
Turn   | Place    | Note
-------+----------+-------------------------------------------
     0 | D:1      | Kohma the Troll Monk began the quest for the Orb.
     0 | D:1      | Reached XP level 1. HP: 22/22 MP: 0/0
   278 | D:1      | Reached XP level 2. HP: 29/29 MP: 1/1
   641 | D:1      | Reached XP level 3. HP: 27/36 MP: 2/2
  1013 | D:2      | Noticed Terence
  1042 | D:2      | Killed Terence
  1042 | D:2      | Reached XP level 4. HP: 33/45 MP: 3/3
  1196 | D:2      | Found a burning altar of Makhleb.
  1217 | D:2      | Became a worshipper of Makhleb the Destroyer
  1217 | D:2      | Reached * piety under Makhleb
  1217 | D:2      | Reached ** piety under Makhleb
  1377 | D:3      | Noticed Grinder
  1505 | D:3      | Found a glowing drain.
  1560 | D:3      | Reached XP level 5. HP: 49/53 MP: 4/4
  1586 | Sewer    | Entered a sewer
  1848 | Sewer    | Reached *** piety under Makhleb
  2105 | D:3      | Paralysed by Grinder for 2 turns
  2114 | D:3      | Paralysed by Grinder for 4 turns
  2118 | D:3      | Slain by Grinder

Skill      XL: |  1  2  3  4  5 |
---------------+----------------+-----
Fighting       | 3 4 |  4.0
Unarmed Combat | 4 |  4.8
Dodging        | 3 |  3.2
Stealth        | |  1.0

Action                   |  1- 3 |  4- 6 || total
-------------------------+-------+-------++-------
Melee: Unarmed           |    92 |   181 ||   273
       Punch             |     2 |     6 ||     8
  Use: Scroll            |       |     9 ||     9
 Stab: Sleeping          |     3 |     1 ||     4
  Eat: Chunk             |    14 |    12 ||    26
Armor: Robe              |    51 |    61 ||   112
Dodge: Dodged            |    63 |   108 ||   171
